 Dungeon Crawl Stone Soup version 0.29-a0-617-g7a6b98fccd (webtiles) character file.

Game seed: 14509683854514841035

1324 dolemite99 the Cruncher (level 8, -3/54 HPs)
             Began as a Djinni Gladiator on June 18, 2022.
             Was a Believer of Nemelex Xobeh.
             Slain by a hornet (15 damage)
             ... on level 5 of the Dungeon.
             The game lasted 00:06:45 (6341 turns).

dolemite99 the Cruncher (Djinni Gladiator)          Turns: 6341, Time: 00:06:45

Health: -3/54      AC: 12    Str: 15    XL:     8   Next: 91%
Gold:   213        EV: 11    Int: 11    God:    Nemelex Xobeh [**....] SH:  0 Dex: 14

rFire   + + .      SeeInvis .   b - +3 quarterstaff (chaos)
rCold   x . .      Faith    .   (shield currently unavailable)
rNeg    . . .      Spirit   .   n - +0 chain mail
rPois   ∞          Reflect  .   c - +0 helmet
rElec   .          Harm     .   q - +2 cloak
rCorr   .          Rampage  .   (no gloves)
Will    .....                   (boots unavailable)
Stlth   ..........              (no amulet)
HPRegen 0.18/turn               r - ring of wizardry
MPRegen 0.00/turn               u - +4 ring of evasion

@: flying
A: sickness immunity, fire resistance 2, cold vulnerability 1, float, innate
caster, HP casting, extra vitality 1
a: Renounce Religion, Draw Escape, Draw Destruction, Draw Summoning


You were on level 5 of the Dungeon.
You worshipped Nemelex Xobeh.
Nemelex Xobeh was pleased with you.
You visited 1 branch of the dungeon, and saw 5 of its levels.

You collected 213 gold pieces.

Inventory:

Hand Weapons
 a - a +1 quarterstaff
 b - a +3 quarterstaff of chaos (weapon)
Missiles
 d - 3 throwing nets (quivered)
 e - a javelin
Armour
 c - a +0 helmet (worn)
 n - a +0 chain mail (worn)
 q - a +2 cloak (worn)
Jewellery
 i - a +6 ring of intelligence
 r - a ring of wizardry (left hand)
 t - a +6 ring of dexterity
 u - a +4 ring of evasion (right hand)
Wands
 m - a wand of paralysis (7)
 o - a wand of polymorph (10)
Scrolls
 l - 2 scrolls of magic mapping
 v - a scroll of fear
 x - 2 scrolls of teleportation
Potions
 f - 2 potions of mutation
 g - 2 potions of resistance {unknown}
 h - a potion of lignification
 k - 2 potions of haste {unknown}
 p - 2 potions of curing
 s - 2 potions of brilliance


   Skills:
 - Level 2.0 Fighting
 + Level 9.8 Staves
 - Level 1.5 Throwing
 - Level 3.2 Dodging


You had one spell level left.
You knew the following spells:

 Your Spells              Type           Power      Damage    Failure   Level
a - Shock                 Conj/Air       0%         1d3       97%         1
b - Poisonous Vapours     Pois/Air       0%         N/A       99%         2
c - Portal Projectile     Hex/Tloc       0%         N/A       100%        3
Your spell library was empty.


Dungeon Overview and Level Annotations

Branches:
Dungeon (5/15)
 Temple: D:4-7

Altars:
Dithmenos
Nemelex Xobeh

Shops:
D:2 [


Innate Abilities, Weirdness & Mutations

You are immune to sickness and miasma.
You are immune to poison.
Your flesh is very heat resistant. (rF++)
You are vulnerable to cold. (rC-)
You float through the air rather than walking.
You learn spells naturally, not from books.
Your magical power is your life essence.
You have superior vitality. (+4 MHP)


Message History

No target in view!
A dart slug comes into view.
Found a stone staircase leading down.
A dart slug is nearby!
Found 9 gold pieces.
Found a stone staircase leading up.
You sock the dart slug! You burn the dart slug.
The dart slug is almost dead.
The dart slug launches a dart at you. The slug dart misses you.
You sock the dart slug!
You kill the dart slug!
No target in view!
No target in view!
No target in view!
You now have 199 gold pieces (gained 9).
There is a stone staircase leading up here.
There are no items here.
There is a shaft here.
You now have 213 gold pieces (gained 14).
A hornet comes into view.
The hornet buzzes angrily.
There is a stone staircase leading down here.
A hornet is nearby!
A hornet is nearby!
The hornet stings you.
You hit the hornet.
The hornet seems to grow stronger.
The hornet is lightly wounded.
The hornet stings you!!
You are too injured to fight recklessly!
You miss the hornet.
The hornet is lightly wounded.
The hornet stings you!!
* * * LOW HITPOINT WARNING * * *
You are too injured to fight recklessly!
You barely miss the hornet.
The hornet is lightly wounded.
The hornet stings you!
You die...
Your body glows with a rainbow of weird colours and disappears.

#.......###..
#..###......).....
.............###..
#..###.......# ##.
#....#.......####.
#.##.#............
#.##.########.####
#y##.# #.#
##@##.########.#
##...#..........#
#...>...###########
#.......# #.......#
#......####.#####.#
##<..#.........##.##
##########.##......
#.#####.## #.#####.#


You could see a hornet (strong).

Vanquished Creatures
  Pikel (D:3)
  A hellwing (D:3)
  Sigmund (D:3)
  Eustachio (D:4)
  3 lemures (D:3)
  A phantom (D:4)
  A hound (D:5)
  4 quasits
  An orc priest (D:3)
  Crazy Yiuf (D:2)
  An orc wizard (D:3)
  2 iguanas
  10 adders
  2 shadow imps (D:4)
  6 white imps
  3 ufetubi (D:4)
  2 worms
  6 dart slugs
  6 orcs
  2 ball pythons (D:3)
  3 endoplasms
  4 giant cockroaches
  9 goblins
  6 hobgoblins
  3 jackals (D:1)
  5 kobolds
  3 quokkas
  5 frilled lizards
  4 rats
97 creatures vanquished.

Vanquished Creatures (others)
  5 demonic plants (D:4)
5 creatures vanquished.

Grand Total: 102 creatures vanquished

Notes
Turn   | Place    | Note
-------+----------+-------------------------------------------
     0 | D:1      | dolemite99 the Djinni Gladiator began the quest for the
                  | Orb.
     0 | D:1      | Reached XP level 1. HP: 18/18 MP: 0/0
    41 | D:1      | Reached skill level 3 in Staves
   173 | D:1      | Reached XP level 2. HP: 23/23 MP: 0/0
   451 | D:1      | Found a faded altar of an unknown god.
   536 | D:1      | Prayed at the altar of an unknown god.
   536 | D:1      | Became a worshipper of Nemelex Xobeh the Trickster
   536 | D:1      | Reached * piety under Nemelex Xobeh
   612 | D:1      | Received a gift from Nemelex Xobeh
   636 | D:1      | Reached XP level 3. HP: 28/28 MP: 0/0
   636 | D:1      | Learned a level 1 spell: Shock
   978 | D:2      | Reached skill level 4 in Staves
  1205 | D:2      | Reached XP level 4. HP: 31/33 MP: 0/0
  1251 | D:2      | Found a runed translucent door.
  1252 | D:2      | Noticed Crazy Yiuf
  1481 | D:2      | Found Jutuat's Armour Shop.
  1712 | D:2      | Reached ** piety under Nemelex Xobeh
  2095 | D:2      | Killed Crazy Yiuf
  2096 | D:2      | Reached XP level 5. HP: 27/38 MP: 0/0
  2096 | D:2      | Learned a level 2 spell: Poisonous Vapours
  2260 | D:3      | Reached skill level 5 in Staves
  2451 | D:3      | Noticed Sigmund
  2458 | D:3      | Killed Sigmund
  2459 | D:3      | Reached skill level 6 in Staves
  2459 | D:3      | Reached XP level 6. HP: 34/43 MP: 0/0
  2722 | D:3      | Received a gift from Nemelex Xobeh
  2887 | D:3      | Reached XP level 7. HP: 19/49 MP: 0/0
  2887 | D:3      | Learned a level 3 spell: Portal Projectile
  3082 | D:4      | Noticed Pikel
  3097 | D:3      | Noticed a hellwing
  3097 | D:3      | a lemure changed into a hellwing
  3482 | D:3      | Killed a hellwing
  4315 | D:3      | Killed Pikel
  4316 | D:3      | Reached skill level 8 in Staves
  4316 | D:3      | Reached XP level 8. HP: 22/54 MP: 0/0
  4965 | D:4      | Reached skill level 9 in Staves
  5219 | D:4      | Noticed Eustachio
  5523 | D:4      | Killed Eustachio
  5777 | D:4      | Found a shadowy altar of Dithmenos.
  5871 | D:5      | Entered Level 5 of the Dungeon
  5905 | D:5      | Noticed a two-headed ogre
  6336 | D:5      | Noticed a hornet
  6341 | D:5      | Slain by a hornet

Illustrated notes

Levels and vault maps discovered:
D:1:      enne_arrival_octagon_isle, layout_basic,
          hellmonk_ecumenical_altar_prayer_group, serial_park_tiny_2,
          grunt_decor_fettered, nicolae_figureground_pulse
D:2:      layout_basic, serial_shops, shop, uniq_crazy_yiuf_cottage
D:3:      layout_loops_cross, uniq_sigmund
D:4:      layout_cave_pools, nicolae_dithmenos_through_a_glass_darkly,
          serial_demonic, serial_demonic_f, serial_demonic_d, serial_demonic_e,
          serial_demonic_a, serial_demonic_c, serial_demonic_e,
          serial_demonic_b, serial_demonic_g, uniq_eustachio, uniq_pikel
D:5:      layout_loops_ring, nrook_loot_triangle

Skill      XL: |  1  2  3  4  5  6  7  8 |
---------------+-------------------------+-----
Staves         | 3 4 6 8 9 |  9.8
Fighting       | |  2.0
Throwing       | |  1.5
Dodging        | |  3.2

Action                   |  1- 3 |  4- 6 |  7- 9 || total
-------------------------+-------+-------+-------++-------
Melee: Quarterstaff      |    90 |    88 |   187 ||   365
Invok: Draw Destruction  |       |     3 |       ||     3
  Use: Scroll            |       |     7 |     7 ||    14
       Potion            |       |       |     2 ||     2
Armor: Leather armour    |    19 |     1 |       ||    20
       Chain mail        |       |    35 |   146 ||   181
       Skin              |       |       |    10 ||    10
Dodge: Dodged            |    70 |    29 |   130 ||   229

Table legend: (Time is in decaauts)
 A = Elapsed time spent in this place.
 B = Non-inter-level travel time spent in this place.
 C = Inter-level travel time spent in this place.
 D = Time resting spent in this place.
 E = Time spent auto-exploring this place.
 F = Levels seen in this place.
 G = Mean time per level.
                   A        B        C        D        E       F      G
               +--------+--------+--------+--------+--------+-----+--------+
         Total |   6342 |   6103 |    239 |   2379 |   2549 |   5 | 1268.4 |
       Dungeon |   6342 |   6103 |    239 |   2379 |   2549 |   5 | 1268.4 |
               +--------+--------+--------+--------+--------+-----+--------+

Top non-repeatable levels by time:
     D:3: 2363 daAuts
     D:2: 1595 daAuts
     D:4: 1011 daAuts
     D:1: 906 daAuts
     D:5: 465 daAuts
